 Dungeon Crawl Stone Soup version 0.29.0 (webtiles) character file.

Game seed: 6089079618910839813

18 Kosidy the Scratcher (level 2, -2/12 HPs)
             Began as a Felid Transmuter on Sept 6, 2022.
             Slain by a jackal (3 damage)
             ... on level 1 of the Dungeon.
             The game lasted 00:01:34 (1054 turns).

Kosidy the Scratcher (Felid Transmuter)             Turns: 1054, Time: 00:01:34

Health: -2/12      AC:  1    Str:  6    XL:     2   Next: 48%
Magic:  6/6        EV: 17    Int: 14    God:
Gold:   6          SH:  0    Dex: 16    Spells: 4/5 levels left
                                        Lives:  0   Deaths: 0

rFire   . . .      SeeInvis +     - Unarmed
rCold   . . .      Faith    .   (shield unavailable)
rNeg    . . .      Spirit   .   (body armour unavailable)
rPois   .          Reflect  .   (helmet unavailable)
rElec   .          Harm     .   (cloak unavailable)
rCorr   .          Rampage  .   (gloves unavailable)
Will    .....                   (boots unavailable)
Stlth   +.........              (no amulet)
HPRegen 0.04/turn               (no ring)
MPRegen 0.10/turn               (no ring)

@: quick
A: very small, claws 1, fangs 3, see invisible, speed 1, shaggy fur 1, stealthy
paws, no weapons or thrown items, no armour, multi-lived
a: no special abilities


You were on level 1 of the Dungeon.
You visited 1 branch of the dungeon, and saw 2 of its levels.

You collected 6 gold pieces.

Inventory:

Scrolls
 b - a scroll of poison {unknown}
 c - 2 scrolls of identify {unknown}
 d - a scroll of teleportation {unknown}
Potions
 a - a potion of lignification
 e - a potion of curing {unknown}


   Skills:
 + Level 1.0 Fighting
 + Level 2.9 Dodging
 + Level 3.6 Unarmed Combat
 + Level 2.1 Spellcasting
 + Level 2.3 Transmutations


You had 4 spell levels left.
You knew the following spells:

 Your Spells              Type           Power      Damage    Failure   Level
a - Beastly Appendage     Tmut           16%        N/A       9%          1

Your spell library contained the following spells:

 Spells                   Type           Power      Damage    Failure   Level
 Wereblood                Tmut           8%         N/A       14%         2
 Spider Form              Tmut/Pois      4%         N/A       41%         3
 Stone Arrow              Conj/Erth      2%         3d7       56%         3
 Ice Form                 Ice/Tmut       4%         N/A       82%         4
 Lehudib's Crystal Spear  Conj/Erth      0%         10d2      100%        8
 Animate Armour           Summ/Erth      Unusable   N/A       N/A         4

Dungeon Overview and Level Annotations

Branches:
Dungeon (2/15)

Altars:


Innate Abilities, Weirdness & Mutations

You have sharp claws.
You have razor-sharp teeth.
You have supernaturally acute eyesight. (SInv)
You cover ground quickly. (Speed+)
You are covered in fur. (AC +1)
Your paws help you pounce on unaware monsters.
You are incapable of wielding weapons or throwing items.
You cannot wear armour.
You gain extra lives every three experience levels.


Message History

You are very lightly contaminated with residual magic.
Nothing appears to happen.
The goblin shouts!
The jackal completely misses you. The jackal misses you.
You barely miss the jackal. The jackal closely misses you.
The goblin misses you.
You closely miss the jackal. The jackal completely misses you.
The goblin completely misses you. The jackal barely misses you.
You barely miss the jackal. The jackal closely misses you.
The goblin hits you with a +0 club. The jackal attacks as you move away!
The jackal barely misses you.
Your magical contamination has completely faded away.
The jackal attacks as you move away! The jackal closely misses you.
The jackal bites you. The jackal bites you.
The jackal attacks as you move away! The jackal completely misses you.
You are too injured to fight recklessly!
You closely miss the jackal. The jackal barely misses you.
You miss the jackal. The jackal misses you.
You closely miss the jackal. The jackal closely misses you.
The jackal completely misses you.
You closely miss the jackal. The jackal bites you.
* * * LOW HITPOINT WARNING * * *
The jackal attacks as you move away! The jackal barely misses you.
The jackal attacks as you move away! The jackal closely misses you.
The jackal completely misses you. The jackal attacks as you move away!
The jackal closely misses you. The jackal barely misses you.
The jackal attacks as you move away! The jackal barely misses you.
The jackal attacks as you move away! The jackal closely misses you.
The jackal attacks as you move away! The jackal barely misses you.
The jackal attacks as you move away! The jackal barely misses you.
The jackal attacks as you move away! The jackal bites you.
* * * LOW HITPOINT WARNING * * *
The jackal attacks as you move away! The jackal misses you.
Found a scroll labelled AGROFA YSEON.
The jackal closely misses you.
The jackal stops to sniff the ground.
The jackal attacks as you move away! The jackal completely misses you.
The jackal bites you.
You die...

#...........#.....#...##
#...........+..........######
#...........#...##..........#
#...........#...##...######.#
#...........##.###..###..##..
#...........##.###.###.....g.
#...........+......##...#....
#.....>.....##.###.#.. ##...
#####...###.@h.# #.# ##..
#...###.##.# #.# #..
#..†....##.# ..# #..
##......##.. ?.. $..
##.###.#####.## ###. #.).÷.#
#####.# #.# ###


You could see a jackal.

Vanquished Creatures
  2 endoplasms (D:1)
  A giant cockroach (D:1)
  3 jackals
  A kobold (D:1)
  2 ball pythons (D:1)
  4 goblins (D:1)
  3 rats
16 creatures vanquished.

Notes
Turn   | Place    | Note
-------+----------+-------------------------------------------
     0 | D:1      | Kosidy the Felid Transmuter began the quest for the Orb.
     0 | D:1      | Reached XP level 1. HP: 9/9 MP: 4/4
   462 | D:1      | Reached XP level 2. HP: 5/12 MP: 4/6
  1054 | D:1      | Slain by a jackal

Illustrated notes

Levels and vault maps discovered:
D:1:      psy_arrival_conway, layout_basic,
          shapermc_ecumenical_altar_starsandcircs, skrybe_limestone_x,
          dreamdust_princess_bridge, minmay_cupped
D:2:      minmay_chambers_of_twos, layout_loops_corners

Action                   || total
-------------------------++-------
Melee: Unarmed           ||    50
       Headbutt          ||     5
       Bite              ||     5
       Punch             ||     1
 Cast: Beastly Appendage ||     7
Armor: Skin              ||     2
Dodge: Dodged            ||    66
